 Dungeon Crawl Stone Soup version 0.19.0-24-gb05acd6 (webtiles) character file.

51 Rrauwl the Chopper (level 3, 0/33 HPs)
             Began as a Hill Orc Skald on Nov 23, 2016.
             Succumbed to an adder's poison
             ... on level 2 of the Dungeon.
             The game lasted 00:07:27 (837 turns).

Rrauwl the Chopper (Hill Orc Skald)                  Turns: 837, Time: 00:07:28

Health: 0/33       AC: 11    Str: 14    XL:     3   Next: 81%
Magic:  5/5        EV:  6    Int: 13    God:
Gold:   79         SH:  0    Dex: 10    Spells: 1 memorised, 4 levels left

rFire  . . .     SeeInvis .     a - +0 hand axe
rCold  . . .     Gourm    .     g - +1 chain mail
rNeg   . . .     Faith    .     (no shield)
rPois  .         Spirit   .     (no helmet)
rElec  .         Reflect  .     (no cloak)
rCorr  .         Harm     .     (no gloves)
MR     .....                    (no boots)
Stlth  ..........               (no amulet)
                                (no ring)
                                (no ring)

@: lethally poisoned (0 -> -9), very slightly contaminated
A: slimy green scales 1, blurry vision 1, robust 1
a: no special abilities


You were on level 2 of the Dungeon.
You were hungry.

You visited 1 branch of the dungeon, and saw 2 of its levels.

You collected 79 gold pieces.

Inventory:

Hand Weapons
 a - a +0 hand axe (weapon)
Missiles
 h - 17 arrows
Armour
 g - a +1 chain mail (worn)
Books
 c - a book of Battle

   Spells                             Type                      Level
   a - Infusion                       Charms                       1
   b - Shroud of Golubria             Charms/Translocation         2
   c - Song of Slaying                Charms                       2
   d - Spectral Weapon                Hexes/Charms                 3
   e - Regeneration                   Charms/Necromancy            3
 e - a book of Air

   Spells                             Type                      Level
   a - Shock                          Conjuration/Air              1
   b - Swiftness                      Charms/Air                   2
   c - Repel Missiles                 Charms/Air                   2
   d - Static Discharge               Conjuration/Air              3
   e - Lightning Bolt                 Conjuration/Air              5
Comestibles
 d - 2 bread rations
 f - 2 chunks of flesh


   Skills:
 + Level 2.8 Fighting
 + Level 3.4 Axes
 + Level 1.7 Armour
 + Level 1.2 Dodging
 + Level 1.9 Spellcasting
 + Level 3.0 Charms


You had 4 spell levels left.
You knew the following spells:

 Your Spells              Type           Power        Failure   Level  Hunger
a - Infusion              Chrm           #...         99%         1    ##.....


Dungeon Overview and Level Annotations

Branches:
Dungeon (2/15)

Altars:


Innate Abilities, Weirdness & Mutations

You are partially covered in slimy green scales. (AC +2)
Scrolls take you a little longer to read.
You are robust. (+10% HP)


Message History

You closely miss the adder.
The adder is severely wounded.
The adder bites you.
* * * LOW HITPOINT WARNING * * *
You are poisoned.
The adder poisons you!
You hit the adder but do no damage.
The adder is severely wounded.
* * * LOW HITPOINT WARNING * * *
You feel sick. The adder bites you.
* * * LOW HITPOINT WARNING * * *
You are more poisoned.
The adder poisons you! The adder barely misses you.
You closely miss the adder.
The adder is severely wounded.
* * * LOW HITPOINT WARNING * * *
You feel sick. The adder bites you but does no damage.
You miss the adder.
The adder is severely wounded.
You die...

#.#
#.#
.(.
##.##
...
#.#
#<#
#S#
#@#
#.#
#%#
#.#
#.#
..#
..#
...#
...#


You could see an adder.

Vanquished Creatures
  An adder (D:2)
  A worm (D:2)
  2 dart slugs (D:1)
  10 bats
  2 giant cockroaches (D:1)
  4 goblins (D:1)
  2 hobgoblins (D:1)
  5 jackals (D:1)
  2 kobolds (D:2)
  A ball python (D:1)
  2 frilled lizards (D:1)
  2 rats (D:1)
34 creatures vanquished.

Notes
Turn   | Place    | Note
-------+----------+-------------------------------------------
     0 | D:1      | Rrauwl the Hill Orc Skald began the quest for the Orb.
     0 | D:1      | Reached XP level 1. HP: 18/18 MP: 3/3
    76 | D:1      | Gained mutation: You are robust. (+10% HP) [potion of mutation]
    76 | D:1      | Gained mutation: Scrolls take you a little longer to read. [potion of mutation]
    76 | D:1      | Gained mutation: You are partially covered in slimy green scales. (AC +2) [potion of mutation]
   106 | D:1      | Reached XP level 2. HP: 24/27 MP: 4/4
   415 | D:1      | Reached skill level 1 in Dodging
   415 | D:1      | Reached XP level 3. HP: 32/33 MP: 5/5
   836 | D:2      | HP: 1/33 [poisoned by an adder]
   837 | D:2      | Succumbed to an adder's poison

Skill      XL: |  1  2 |
---------------+-------+-----
Axes           | 3 |  3.4
Charms         | 3 |  3.0
Dodging        | 1 |  1.2
Fighting       | |  2.8
Armour         | |  1.7
Spellcasting   | |  1.9

Action                   || total
-------------------------++-------
Melee: Hand axe          ||   197
 Cast: Infusion          ||     1
  Use: Potion            ||     3
       Scroll            ||     5
Armor: Leather armour    ||    20
       Chain mail        ||   138
Dodge: Dodged            ||    65
